AoeStats
← fonsovich

MegaRandom

505098791Analyzed
4v4 RM · 23d ago on Sep 7, 2026· 46m 26s· 8 players
Game mode
Random Map
Map size
Large (8 player)
Population
200
Speed
Normal
Resources
Standard
Victory
Conquest
Starting age
Dark Age
Ending age
Imperial Age
RankedLock teamsTeams togetherTeam positionsShared explorationLock speedFull tech treeHidden civsTurbo modeCheats
Victory
Defeat
🇧🇷 Hindustanis · Brazil
572
+10
🇲🇽 Huns · Mexico
569
+10
🇲🇽 Teutons · Mexico
565
+10
🇺🇸 Maya · United States
528
+11
🇦🇷 Huns · Argentina
473
-13
🇲🇽 Bulgarians · Mexico
450
-11
🇺🇸 Bohemians · United States
406
-9
🇧🇷 Spanish · Brazil
357
-8
mifurini
0:52 Loom
12:34 Feudal Age
15:28 Double-Bit Axe
23:33 Castle Age
26:03 Caravan
29:43 Stone Mining
29:44 Gold Mining
29:38 Horse Collar
29:43 Fishing Lines
31:27 Wheelbarrow
30:37 Town Watch
31:33 Stone Shaft Mining
31:22 Bow Saw
32:16 Fletching
32:32 Scale Barding Armor
32:27 Scale Mail Armor
32:38 Forging
37:07 Hand Cart
36:52 Town Patrol
Lu's Clues
1:36 Loom
13:05 Feudal Age
16:19 Wheelbarrow
17:20 Fletching
17:44 Double-Bit Axe
20:30 Arson
21:49 Horse Collar
22:53 Fishing Lines
25:36 Castle Age
26:25 Husbandry
25:48 Light Cavalry
27:06 Scale Barding Armor
26:30 Elite Skirmisher
26:49 Pikeman
29:38 Chain Barding Armor
29:29 Forging
29:15 Bodkin Arrow
32:06 Medium Warships
38:43 Chemistry
38:10 Ballistics
37:41 Guard Tower
37:48 Murder Holes
38:04 Fortified Wall
38:02 Siphons
37:42 Treadmill Crane
38:12 Masonry
39:03 Hand Cart
44:31 Imperial Age
fonsovich
21:11 Feudal Age
26:56 Castle Age
25:15 Scale Barding Armor
25:21 Forging
27:11 Wheelbarrow
26:21 Town Watch
33:04 Hand Cart
32:49 Town Patrol
34:41 Chain Barding Armor
34:57 Iron Casting
42:32 Marauders
45:16 Imperial Age
47:22 Plate Barding Armor
BunnyPusheens
5:11 Loom
19:15 Feudal Age
24:25 Double-Bit Axe
24:24 Horse Collar
33:20 Castle Age
33:29 Arson
34:58 Forging
34:54 Scale Mail Armor
36:24 Gambesons
Karma KoS
0:41 Loom
13:00 Feudal Age
17:58 Double-Bit Axe
22:20 Castle Age
22:07 Fishing Lines
29:04 Imperial Age
27:03 Stone Mining
27:09 Stone Mining
27:33 Bow Saw
27:12 Horse Collar
30:02 Medium Warships
31:17 Chemistry
34:03 Heavy Warships
41:51 Heated Shot
42:14 Clinker Construction
FROSTY L3M0N
11:00 Feudal Age
11:31 Double-Bit Axe
14:41 Horse Collar
18:35 Wheelbarrow
24:41 Castle Age
23:26 Fishing Lines
24:36 Stone Mining
24:38 Gold Mining
24:41 Stone Mining
24:48 Crossbowman
25:48 Bow Saw
26:31 Squires
28:07 Heavy Plow
27:52 Eagle Warrior
28:19 Arson
30:04 Elite Skirmisher
31:26 Thumb Ring
31:14 Town Watch
31:33 Gillnets
34:40 Fortified Wall
34:51 Ballistics
35:53 Hand Cart
35:28 Loom
35:55 Town Patrol
36:15 Masonry
40:54 Pikeman
41:32 Fletching
41:43 Padded Archer Armor
41:55 Forging
41:46 Scale Mail Armor
43:37 Hul'che Javelineers
48:41 Imperial Age
QC FENIX
11:34 Feudal Age
12:07 Double-Bit Axe
13:00 Wheelbarrow
12:58 Fishing Lines
21:10 Castle Age
20:23 Horse Collar
20:38 Gold Mining
20:39 Stone Mining
22:48 Hand Cart
23:06 Bow Saw
23:20 Gillnets
25:03 Scale Barding Armor
25:09 Forging
25:14 Caravan
32:38 Imperial Age
31:42 Gold Shaft Mining
32:10 Husbandry
32:24 Bloodlines
32:39 Ballistics
32:31 Masonry
32:24 Heavy Plow
32:50 Chain Barding Armor
33:06 Iron Casting
34:39 Coinage
34:20 Guilds
35:04 Town Watch
35:05 Loom
35:46 Marauders
36:09 Atheism
35:10 Elite Tarkan
39:19 Plate Barding Armor
39:45 Blast Furnace
MAGNATO
0:43 Loom
11:54 Feudal Age
12:50 Double-Bit Axe
14:09 Horse Collar
21:42 Castle Age
23:20 Wheelbarrow
22:31 Town Watch
24:01 Bow Saw
24:29 Gold Mining
24:30 Stone Mining
25:47 Caravan
27:36 Fervor
28:40 Heavy Plow
35:13 Imperial Age
33:18 Scale Mail Armor
33:23 Scale Barding Armor
33:29 Forging
34:15 Stone Mining
35:00 Gold Shaft Mining
35:48 Chain Mail Armor
35:53 Chain Barding Armor
36:06 Town Patrol
35:43 Heavy Camel Rider
36:34 Bloodlines
36:27 Husbandry
40:39 Chemistry
39:25 Imperial Camel Rider
40:33 Hand Cart
40:13 Fishing Lines
Connection lost

Rejoining the realm…

Still unreachable

The connection could not be restored.

Session expired

The server has moved on; the page needs a fresh start.